AoeStats
← Cinnamoroll

African Clearing

505373099Analyzed
4v4 RM · 24d ago on Sep 9, 2026· 53m 46s· 8 players
Game mode
Random Map
Map size
Large (8 player)
Population
200
Speed
Normal
Resources
Standard
Victory
Conquest
Starting age
Dark Age
Ending age
Imperial Age
RankedLock teamsTeams togetherTeam positionsShared explorationLock speedFull tech treeHidden civsTurbo modeCheats
Victory
Defeat
1578
+11
🇨🇦 Celts · Canada
1547
+12
🇺🇦 Tupi · Ukraine
1484
+14
🇨🇴 Huns · Colombia
1451
+16
🇺🇸 Huns · United States
1510
-16
🇺🇾 Japanese · Uruguay
1490
-15
🇦🇺 Celts · Australia
1430
-12
🇺🇸 Spanish · United States
1383
-10
Cinnamoroll
9:22 Loom
15:52 Feudal Age
20:55 Castle Age
20:32 Gold Mining
21:34 Double-Bit Axe
21:34 Elite Skirmisher
23:18 Ballistics
24:07 Fletching
24:17 Fishing Lines
26:10 Bodkin Arrow
27:09 Gillnets
32:02 Wheelbarrow
31:31 Town Watch
32:32 Gold Shaft Mining
31:50 Horse Collar
32:31 Padded Archer Armor
33:23 Leather Archer Armor
37:15 Heavy Plow
39:05 Hand Cart
41:41 Imperial Age
38:39 Pikeman
44:21 Capped Ram
46:02 Halberdier
48:43 Scale Mail Armor
50:38 Chain Mail Armor
50:57 Bow Saw
51:22 Onager
53:36 Stone Mining
_stranikk_
12:20 Loom
14:05 Feudal Age
18:12 Castle Age
15:58 Double-Bit Axe
19:24 Bow Saw
19:06 Fletching
19:20 Gold Mining
21:42 Bodkin Arrow
22:51 Padded Archer Armor
23:37 Fishing Lines
26:28 Wheelbarrow
25:39 Town Watch
26:49 Ballistics
35:35 Imperial Age
34:20 Hand Cart
36:18 Bracer
37:22 Chemistry
37:00 Curare
39:52 Leather Archer Armor
40:06 Elite Blackwood Archer
41:12 Conscription
43:41 Ring Archer Armor
47:42 Arrowslits
47:47 Guard Tower
50:02 Keep
49:08 Treadmill Crane
49:23 Murder Holes
49:53 Horse Collar
51:13 Two-Man Saw
50:49 Gold Shaft Mining
50:04 Stone Mining
50:57 Hoardings
MZTK I Kazoo
13:37 Feudal Age
17:52 Castle Age
15:55 Double-Bit Axe
16:50 Loom
17:21 Fletching
18:52 Bodkin Arrow
19:58 Padded Archer Armor
21:06 Bloodlines
27:27 Wheelbarrow
28:09 Ballistics
28:11 Horse Collar
29:01 Husbandry
36:50 Heavy Plow
37:00 Bow Saw
37:57 Leather Archer Armor
39:21 Gold Mining
39:22 Stone Mining
43:50 Imperial Age
41:29 Scale Barding Armor
41:35 Forging
42:20 Gold Shaft Mining
42:27 Chain Barding Armor
42:42 Hand Cart
43:04 Marauders
43:40 Iron Casting
43:51 Elite Tarkan
44:53 Conscription
45:11 Plate Barding Armor
45:37 Blast Furnace
44:07 Heavy Cavalry Archer
45:51 Chemistry
44:58 Town Watch
46:05 Bracer
48:01 Coinage
48:05 Parthian Tactics
48:05 Scale Mail Armor
49:31 Banking
50:35 Town Patrol
51:37 Two-Man Saw
53:59 Guilds
种田人口才是基本盘
6:07 Loom
12:31 Feudal Age
18:03 Castle Age
20:44 Pikeman
25:00 Wheelbarrow
24:49 Double-Bit Axe
25:46 Town Watch
26:01 Horse Collar
28:41 Fletching
29:51 Forging
39:33 Hand Cart
48:10 Heavy Plow
52:40 Imperial Age
50:20 Gold Mining
52:25 Bow Saw
52:51 Murder Holes
53:21 Ballistics
53:04 Bodkin Arrow
53:11 Padded Archer Armor
54:31 Chemistry
54:02 Conscription
Fluffy Chirp
12:25 Feudal Age
13:29 Loom
16:28 Castle Age
14:59 Double-Bit Axe
18:14 Fletching
21:49 Town Watch
21:45 Horse Collar
34:41 Wheelbarrow
39:05 Imperial Age
37:04 Bodkin Arrow
38:00 Thumb Ring
38:24 Bow Saw
38:44 Padded Archer Armor
38:44 Elite Skirmisher
40:50 Bracer
41:52 Leather Archer Armor
45:33 Heavy Plow
52:07 Light Cavalry
53:40 Scale Barding Armor
53:45 Forging
Lobby Link
12:29 Feudal Age
10:46 Loom
13:10 Double-Bit Axe
13:05 Horse Collar
14:20 Horse Collar
18:34 Bloodlines
22:55 Castle Age
21:08 Gold Mining
22:19 Scale Barding Armor
23:44 Forging
25:05 Chain Barding Armor
24:48 Husbandry
34:35 Wheelbarrow
43:45 Iron Casting
49:22 Imperial Age
51:57 Imperial Age
52:49 Imperial Age
Lightning
5:30 Loom
14:09 Feudal Age
18:43 Castle Age
17:17 Stone Mining
17:21 Double-Bit Axe
20:56 Bow Saw
21:57 Wheelbarrow
27:36 Horse Collar
33:09 Fletching
35:21 Scale Mail Armor
38:09 Imperial Age
36:28 Heavy Plow
36:36 Scale Mail Armor
36:47 Forging
38:16 Capped Ram
39:33 Chain Mail Armor
39:46 Pikeman
40:33 Arson
41:20 Plate Mail Armor
43:03 Iron Casting
41:55 Elite Woad Raider
43:18 Siege Ram
45:20 Blast Furnace
44:54 Onager
46:53 Heavy Scorpion
49:58 Ballistics
50:39 Chemistry
49:38 Siege Onager
51:49 Siege Engineers
51:26 Treadmill Crane
DGHIR | Garezo
6:41 Loom
12:13 Feudal Age
14:22 Double-Bit Axe
14:55 Town Watch
19:58 Gold Mining
23:46 Castle Age
24:28 Scale Barding Armor
25:12 Bow Saw
25:40 Light Cavalry
27:05 Fletching
27:22 Husbandry
31:58 Bodkin Arrow
36:10 Padded Archer Armor
40:30 Horse Collar
44:25 Wheelbarrow
44:40 Leather Archer Armor
54:43 Imperial Age
52:45 Thumb Ring
Connection lost

Rejoining the realm…

Still unreachable

The connection could not be restored.

Session expired

The server has moved on; the page needs a fresh start.